 Dungeon Crawl Stone Soup version 0.31-a0-1529-g7bd419a0e5 (webtiles) character file.

Game seed: 16234575431761240974

1458 graki42 the Sneak (level 8, -1/52 HPs)
             Began as an Octopode Shapeshifter on Dec 31, 2023.
             Was a Believer of Uskayaw.
             Engulfed by a cloud of flame (14 damage)
             ... on level 7 of the Dungeon.
             The game lasted 00:14:20 (5072 turns).

graki42 the Sneak (Octopode Shapeshifter)           Turns: 5072, Time: 00:14:20

Health: -1/52      AC:  1    Str: 15    XL:     8   Next: 76%
Magic:  12/12      EV: 33    Int: 13    God:    Uskayaw [**....]
Gold:   318        SH:  0    Dex: 11    Spells: 10/13 levels left

rFire   + .          .
                       - Unarmed
rCold   x . .        (no shield)
rNeg    . . .        (helmet currently unavailable)
rPois   .            i - amulet of the acrobat
rElec   .            m - ring of willpower
rCorr   .            t - +5 ring of evasion
SInv    .            n - ring of fire
Will    +....        (no ring)
Stlth   ++++         (no ring)
HPRegen 0.28/turn    (no ring)
MPRegen 0.13/turn    (no ring)
                     (no ring)

%: acrobat
@: beast-form, acrobatic
A: beast (slay +2), almost no armour, amphibious, 8 rings, camouflage 1,
gelatinous body 1, (nimble swimmer 1), tentacles
a: Begin Untransformation, Renounce Religion, Stomp, Line Pass


You were on level 7 of the Dungeon.
You worshipped Uskayaw.
Uskayaw was noncommittal.
You were a hulking beast.
You visited 1 branch of the dungeon, and saw 7 of its levels.

You collected 318 gold pieces.

Inventory:

Missiles
 p - 4 atropa-tipped darts
Jewellery
 i - an amulet of the acrobat (around mantle)
 m - a ring of willpower (left tentacle)
 n - a ring of fire (on tentacle)
 q - an amulet of guardian spirit
 t - a +5 ring of evasion (right tentacle)
Talismans
 b - a beast talisman
 c - a flux talisman
 r - a serpent talisman
Wands
 u - a wand of light (12)
Scrolls
 f - a scroll of enchant armour {unknown}
 g - a scroll of teleportation {unknown}
 h - 3 scrolls of enchant weapon
 k - a scroll of immolation
 o - 3 scrolls of poison
Potions
 a - a potion of lignification
 d - 2 potions of degeneration {unknown}
 e - 2 potions of curing
 j - 2 potions of attraction
 l - a potion of heal wounds {unknown}
 v - a potion of haste {unknown}


   Skills:
 - Level 3.0 Fighting
 - Level 3.0 Dodging
 + Level 6.5 Stealth
 + Level 5.7 Unarmed Combat
 + Level 3.0 Spellcasting
 + Level 3.7 Hexes
 + Level 5.1 Shapeshifting


You had 10 spell levels left.
You knew the following spells:

 Your Spells              Type           Power      Damage    Failure   Level
a - Confusing Touch       Hex            11%        N/A       14%         3

Your spell library contained the following spells:

 Spells                   Type           Power      Damage    Failure   Level
 Kiss of Death            Conj/Necr      4%         2d5       22%         1
 Inner Flame              Hex/Fire       10%        N/A       32%         3
 Call Imp                 Summ           2%         N/A       34%         2
 Lesser Beckoning         Tloc           2%         N/A       34%         2
 Sublimation of Blood     Necr           1%         N/A       34%         2
 Gell's Gravitas          Tloc           1%         N/A       56%         3
 Teleport Other           Tloc           1%         N/A       56%         3
 Dispel Undead            Necr           1%         3d6       92%         4
 Flame Wave               Conj/Fire      2%         2d4       92%         4
 Sticky Flame             Fire/Alch      2%         2d4       92%         4
 Summon Hydra             Summ           0%         N/A       100%        7


Dungeon Overview and Level Annotations

Branches:
Dungeon (8/15)
 Temple: D:4-7         Lair: D:8-11

Altars:
Fedhas
Kikubaaqudgha
Trog
Uskayaw

Shops:
D:5 (


Innate Abilities, Weirdness & Mutations

You are a hulking beast.
Your limbs bulge with bestial killing power. (Slay +2)
You cannot wear most types of armour.
You are amphibious.
You can wear up to eight rings at the same time.
Your skin changes colour to match your surroundings (Stealth+).
Your rubbery body absorbs attacks. (AC +1, EV +1)
((You are camouflaged when in or above water. (Stealth+)))
You have tentacles for arms and can constrict up to eight enemies at once.


Message History

Found a stone staircase leading down.
Found a stone staircase leading up.
You see here a +0 demon whip.
u - a wand of light (12)
v - a cyan potion
Found a scroll of identify.
There is a stone staircase leading up here.
You climb upwards.
You hear the roar of battle.
There is an entrance to a bailey on this level.
Hurry and find it before the portal closes forever!
The white imp shouts, "Fly, thou impertinent rump-fed giglet!"
Found five items.
Found a stone staircase leading down.
There is a stone staircase leading down here.
As you read the scroll labelled PACHAU KEIRIYL, it crumbles to dust.
It is a scroll of amnesia.
Okay, then.
As you read the scroll labelled WUKHEAS ROOWORCH, it crumbles to dust.
The creatures around you are filled with an inner flame!
It was a scroll of immolation.
The white imp gestures at you. The puff of frost hits you!
You feel more attuned to fire.
n - a ring of fire (on tentacle)
The white imp completely misses you. The phantom completely misses you.
You tentacle-slap the white imp but do no damage.
You grab the white imp.
Flame seeps out of the white imp.
You squeeze the white imp!
The white imp is almost dead.
You constrict the white imp.
The white imp explodes!
The fiery explosion engulfs you!! You resist.
Ouch! That really hurt!
The fiery explosion engulfs the phantom!!!
The phantom explodes!
The fiery explosion engulfs you. You resist.
* * * LOW HITPOINT WARNING * * *
You can now pass through a line of other dancers.
Your Spellcasting skill increases to level 3!
You are engulfed in blazing flames.
You resist.
You die...

#.. ..#... #.....#
##..... .. ...$...
#####..#.
#......####§.......
###.....##§h#
........§○§##
####..>§### ###...#
........
...........
...!.........
...(.....|...
.......##..#(


There were no monsters in sight!

Vanquished Creatures
  Sigmund (D:5)
  Eustachio (D:5)
  Edmund (D:5)
  Duvessa (D:5)
  An ice beast (D:5)
  2 phantoms
  2 scorpions (D:5)
  Dowan (D:5)
  A bombardier beetle (D:4)
  2 jellies
  An orc priest (D:4)
  A sleepcap (D:5)
  2 iguanas
  Natasha (thrice) (D:2)
  2 orc wizards
  7 adders
  A white imp (D:7)
  2 ufetubi (D:5)
  4 dart slugs
  A ribbon worm (D:2)
  25 orcs
  9 bats
  10 endoplasms
  5 giant cockroaches
  8 goblins
  5 hobgoblins
  4 jackals (D:4)
  2 quokkas
  8 ball pythons
  2 frilled lizards
  7 kobolds
  7 rats
129 creatures vanquished.

Vanquished Creatures (others)
  An arcanist (D:5)
1 creature vanquished.

Grand Total: 130 creatures vanquished

Notes
Turn   | Place    | Note
-------+----------+-------------------------------------------
     0 | D:1      | graki42 the Octopode Shapeshifter began the quest for the
                  | Orb.
     0 | D:1      | Reached XP level 1. HP: 13/13 MP: 1/1
   104 | D:1      | Reached XP level 2. HP: 18/18 MP: 2/2
   119 | D:1      | Reached skill level 1 in Stealth
   319 | D:1      | Reached XP level 3. HP: 23/23 MP: 3/3
   879 | D:2      | Noticed Natasha
   888 | D:2      | Killed Natasha
   889 | D:2      | Reached skill level 2 in Stealth
   889 | D:2      | Reached XP level 4. HP: 29/29 MP: 4/4
   921 | D:2      | Found a faded altar of an unknown god.
   995 | D:2      | Noticed Natasha
  1003 | D:2      | Killed Natasha
  1137 | D:2      | Reached XP level 5. HP: 34/34 MP: 5/5
  1190 | D:2      | Noticed Natasha
  1199 | D:2      | Killed Natasha
  1525 | D:3      | Reached skill level 3 in Stealth
  2079 | D:3      | Learned a level 3 spell: Confusing Touch
  2234 | D:3      | Found an ancient bone altar of Kikubaaqudgha.
  2234 | D:3      | Found a blossoming altar of Fedhas.
  2927 | D:4      | Reached XP level 6. HP: 40/41 MP: 6/6
  3003 | D:4      | Reached skill level 1 in Hexes
  3427 | D:4      | Found a hide-covered altar of Uskayaw.
  3435 | D:4      | Became a worshipper of Uskayaw the Reveller
  3543 | D:4      | Reached * piety under Uskayaw
  3550 | D:4      | Reached ** piety under Uskayaw
  3551 | D:4      | Reached skill level 4 in Stealth
  3618 | D:4      | Reached *** piety under Uskayaw
  3620 | D:4      | Reached XP level 7. HP: 37/46 MP: 7/7
  3722 | D:4      | HP: 1/46 [acid (3)]
  3930 | D:5      | Entered Level 5 of the Dungeon
  4075 | D:5      | Noticed Sigmund
  4082 | D:5      | Killed Sigmund
  4083 | D:5      | Reached skill level 1 in Spellcasting
  4089 | D:5      | Reached **** piety under Uskayaw
  4090 | D:5      | Reached skill level 5 in Stealth
  4399 | D:5      | Noticed Duvessa
  4403 | D:5      | Noticed Dowan
  4413 | D:5      | Killed Duvessa
  4414 | D:5      | Reached skill level 5 in Unarmed Combat
  4414 | D:5      | Reached XP level 8. HP: 9/52 MP: 10/10
  4419 | D:5      | Killed Dowan
  4743 | D:5      | Noticed Edmund
  4752 | D:5      | Noticed Eustachio
  4762 | D:5      | Killed Edmund
  4776 | D:5      | Reached ***** piety under Uskayaw
  4787 | D:5      | Reached ****** piety under Uskayaw
  4789 | D:5      | Killed Eustachio
  4790 | D:5      | Reached skill level 6 in Stealth
  4790 | D:5      | Reached skill level 5 in Shapeshifting
  4955 | D:5      | Found Sydeaf's Weapon Shop.
  4998 | D:5      | Found a bloodstained altar of Trog.
  5000 | D:5      | Noticed a wizard
  5004 | D:5      | Killed a wizard
  5034 | D:5      | You fall into a shaft and drop 3 floors!
  5072 | D:7      | Engulfed by a cloud of flame

Illustrated notes

Levels and vault maps discovered:
D:1:      amcnicky_arrival_gap_in_the_tavern_cellar, layout_basic,
          minmay_pentomino_q2
D:2:      layout_rooms, hellmonk_ecumenical_altar_lost_god,
          dreamdust_princess_corridor, uniq_natasha
D:3:      layout_basic, grunt_temple_overflow_growth_and_decay
D:4:      wander_river, layout_basic, nicolae_uskayaw_suspiria
D:5:      layout_basic, trog_wizard, serial_shops, shop, uniq_edmund,
          uniq_duvessa, uniq_eustachio, uniq_sigmund
D:7:      layout_rooms, minmay_temple_entry_proselytizer, enter_bailey_3
D:8:      layout_cave_pods, nicolae_wwwww

Skill      XL: |  1  2  3  4  5  6  7  8 |
---------------+-------------------------+-----
Stealth        | 1 2 3 4 5 6 |  6.5
Fighting       | 2 3 |  3.0
Dodging        | 3 |  3.0
Unarmed Combat | 4 5 |  5.7
Hexes          | 1 2 3 |  3.7
Shapeshifting  | 4 5 |  5.1
Spellcasting   | 1 3 |  3.0

Action                     |  1- 3 |  4- 6 |  7- 9 || total
---------------------------+-------+-------+-------++-------
  Melee: Unarmed           |    62 |   139 |    98 ||   299
         Constrict         |    19 |    43 |    13 ||    75
         Tentacles         |    11 |    35 |    13 ||    59
         Punch             |     1 |     5 |     5 ||    11
   Cast: Confusing Touch   |       |       |     1 ||     1
    Use: Scroll            |       |     4 |     2 ||     6
         Potion            |       |       |     4 ||     4
   Stab: Sleeping          |     6 |    11 |     1 ||    18
         Paralysed         |       |     1 |     4 ||     5
 Armour: Skin              |    28 |    43 |    99 ||   170
  Dodge: Dodged            |    64 |    80 |    36 ||   180

Table legend: (Time is in decaauts)
 A = Elapsed time spent in this place.
 B = Non-inter-level travel time spent in this place.
 C = Inter-level travel time spent in this place.
 D = Time resting spent in this place.
 E = Time spent auto-exploring this place.
 F = Levels seen in this place.
 G = Mean time per level.
                   A        B        C        D        E       F      G
               +--------+--------+--------+--------+--------+-----+--------+
         Total |   5044 |   4905 |    139 |   1133 |   2862 |   7 |  720.6 |
       Dungeon |   5044 |   4905 |    139 |   1133 |   2862 |   7 |  720.6 |
               +--------+--------+--------+--------+--------+-----+--------+

Top non-repeatable levels by time:
     D:4: 1397 daAuts
     D:3: 1161 daAuts
     D:5: 1090 daAuts
     D:1: 813 daAuts
     D:2: 544 daAuts
     D:8: 26 daAuts
     D:7: 10 daAuts
